[Event "Early-Titled-Tuesday-Blitz-January-30-2024"]
[Site "Chess.com"]
[Date "2024.01.30"]
[Round "8"]
[White "OparinGrigoriy"]
[Black "Imagine_Drag0n"]
[Result "1-0"]
[WhiteElo "3000"]
[BlackElo "2770"]
[TimeControl "180+1"]
[EndTime "9:31:20 PST"]
[Termination "OparinGrigoriy won on time"]

1. Nc3 e6 2. e4 d5 3. d4 Nf6 4. e5 Nfd7 5. Nce2 c5 6. c3 Nc6 7. f4 b5 8. Nf3 Be7 9. f5 exf5 10. Nf4 Nb6 11. Bxb5 Bb7 12. e6 O-O 13. exf7+ Rxf7 14. O-O Bd6 15. dxc5 Bxc5+ 16. Kh1 Bf8 17. Ne6 Qd7 18.
Nfg5 Rf6 19. Nd4 Re8 20. Qh5 h6 21. Ngf3 Bd6 22. Bd2 Re4 23. Nxc6 Bxc6 24. Bxc6 Qxc6 25. Nd4 Qe8 26. Qxe8+ Rxe8 27. Rxf5 Rxf5 28. Nxf5 Re2 29. Rd1 Nc4 30. Bc1 Be5 31. b3 Nb6 32. Be3 Rxa2 33.
Bxb6 axb6 34. Ne7+ Kh7 35. Nxd5 b5 36. g3 Rc2 37.
Rd3 Kg6 38. Rf3 Rb2 39. b4 Kg5 40. h3 h5 41. Kg1 h4 42. gxh4+ Kxh4 43. Ne7 Bf6 44. Nf5+ Kh5 45. Ng3+ Kh4 46. Ne4 Be5 47. Rf5 Bb8 48. Rxb5 Bc7 49. Rb7 Be5 50. Re7 Bb8 51. Rxg7 Rc2 52. Rg4+ Kxh3 53. Rg8 Ba7+ 54. Kf1 Rb2 55. Ke1 Kh4 56. Kd1 Ra2 57. Nd2 Be3 58.
Nc4 Bg5 59. b5 Ra4 60. Nb2 Ra1+ 61. Kc2 Rc1+ 62. Kb3 Rb1 63. b6 Bc1 64. Rg2 Bf4 65. b7 Rd1 66. Rf2 Be5 67. Rf5 Bg3 68. Rf3 Be5 69. Rf8 Rd7 70. b8=Q 1-0

[Event "Early-Titled-Tuesday-Blitz-January-30-2024"]
[Site "Chess.com"]
[Date "2024.01.30"]
[Round "8"]
[White "picturesquecheck"]
[Black "lilylg"]
[Result "1/2-1/2"]
[WhiteElo "2354"]
[BlackElo "2167"]
[TimeControl "180+1"]
[EndTime "9:31:21 PST"]
[Termination "Game drawn by stalemate"]

1. Nf3 d5 2. e3 e6 3. d4 f5 4. Be2 Nf6 5. O-O Bd6 6. c4 c6 7. Nc3 O-O 8. b3 Nbd7 9. Bb2 Ne4 10. Rc1 Qe7 11. g3 Ndf6 12. Ne1 Bd7 13. Ng2 Be8 14.
Nf4 g5 15. Nd3 g4 16. Ne5 Ng5 17. f4 gxf3 18. Bxf3 Qg7 19. Bg2 Bh5 20. Qe1 Bxe5 21.
dxe5 Nfe4 22. Ne2 Qh6 23. Nf4 Bg4 24. h4 Nf7 25. Ba3 Rfc8 26. cxd5 cxd5 27. Rxc8+ Rxc8 28. Bxe4 dxe4 29. Qa1 Bf3 30. Rc1 Rd8 31. Bd6 Qg7 32.
Kf2 Nxd6 33. exd6 Qxa1 34. Rxa1 Rxd6 35. Rc1 Rd2+ 36. Kg1 Rxa2 37. Rc8+ Kf7 38. Rc7+ Kf6 39. Rxb7 Ra1+ 40. Kf2 Ra2+ 41. Kf1 Ra1+ 42. Kf2 Ra2+ 43.
Ke1 Rb2 44. Rxa7 Rxb3 45. Kd2 Rb1 46. Ra6 Rd1+ 47. Kc3 Rc1+ 48. Kb2 Re1 49. Rxe6+ Kf7 50. Rh6 Rxe3 51. Rxh7+ Kg8 52. Re7 Bg4 53. Nd5 Kf8 54. Nxe3 Kxe7 55. Nxg4 fxg4 56. Kc3 Kf6 57. Kd4 Kf5 58.
Ke3 Ke5 59. h5 Kf5 60. h6 Kg6 61. Kxe4 Kxh6 62. Kf5 Kh5 63. Kf4 Kh6 64. Kxg4 Kg6 65. Kf4 Kf6 66. g4 Kg6 67. g5 Kg7 68. Kf5 Kf7 69.
g6+ Kg7 70. Kg5 Kg8 71. Kf6 Kf8 72. Ke6 Kg7 73. Kf5 Kg8 74. Kg5 Kg7 75. Kh5 Kg8 76. Kh6 Kh8 77. g7+ Kg8 78. Kg6 1/2-1/2

[Event "Early-Titled-Tuesday-Blitz-January-30-2024"]
[Site "Chess.com"]
[Date "2024.01.30"]
[Round "8"]
[White "Actuary44"]
[Black "Witik"]
[Result "0-1"]
[WhiteElo "2484"]
[BlackElo "2665"]
[TimeControl "180+1"]
[EndTime "9:31:22 PST"]
[Termination "Witik won by checkmate"]

1. e4 c6 2. d4 d5 3. Nc3 dxe4 4. Nxe4 Nf6 5. Ng3 g6 6. Bc4 Bg7 7. Bg5 O-O 8. Qd2 c5 9. dxc5 Qc7 10. O-O-O Qxc5 11. Bb3 Nc6 12. Bxf6 exf6 13. Nf3 a5 14. a3 Bg4 15. Qf4 f5 16. Rd7 Bxf3 17. Qxf3 Ne5 18.
Rd5 Qb6 19. Qe3 Qc7 20. Qc5 Rac8 21. Qxc7 Rxc7 22. Rhd1 Ng4 23. f3 Ne3 24. Rd7 Rxd7 25. Rxd7 b5 26. a4 bxa4 27. Bxa4 Nxg2 28. Ra7 h5 29.
Rxa5 Ne3 30. Bc6 h4 31. Ne2 Rc8 32. Ra8 Rxa8 33. Bxa8 Nf1 34. h3 Kf8 35. b4 Ke7 36. b5 Ne3 37. b6 Be5 38. Bc6 Nc4 39. b7 Bb8 40. Bd5 Na5 41. c4 f6 42. Kc2 Kd6 43.
Kc3 Kc7 44. Nd4 Nxb7 45. Bf7 g5 46. Nxf5 Ba7 47. Nd4 Bc5 48. Ne6+ Kd6 49. Nf8 Ke5 50. Bd5 Bxf8 51. Bxb7 Kf4 52. Be4 Kg3 53. Bf5 Kxf3 54. Kd4 Kf4 55. Bg4 f5 56. Be2 g4 57. hxg4 fxg4 58. c5 Kg3 59. c6 Bd6 60. Kd5 Bb8 61. Ke4 h3 62. Kf5 Bc7 63. Bxg4 h2 64. Bf3 Kxf3 65.
Ke6 h1=Q 66. Kd7 Qh2 67. Kc8 Qd6 68. Kb7 Bd8 69. c7 Qxc7+ 70. Ka6 Qb6# 0-1

[Event "Early-Titled-Tuesday-Blitz-January-30-2024"]
[Site "Chess.com"]
[Date "2024.01.30"]
[Round "8"]
[White "Arlo2024"]
[Black "Muracle"]
[Result "1/2-1/2"]
[WhiteElo "2262"]
[BlackElo "2503"]
[TimeControl "180+1"]
[EndTime "9:31:25 PST"]
[Termination "Game drawn by repetition"]

1. e4 c6 2. d4 d5 3. exd5 cxd5 4. Bd3 Nc6 5. c3 Nf6 6. h3 g6 7. Nf3 Bf5 8. O-O Bg7 9. Re1 O-O 10. Bf4 Qb6 11.
Bxf5 gxf5 12. Qb3 e6 13. Qxb6 axb6 14. a3 Na5 15. Nbd2 Ne4 16. Ne5 Bxe5 17. dxe5 Rfc8 18.
Nf3 Nc4 19. Re2 Ra5 20. Nd4 Raa8 21. f3 Nc5 22. Nb5 Nd3 23. Bc1 Ndxe5 24. b3 Na5 25.
Rxe5 Nxb3 26. Rb1 Nxc1 27. Rxc1 Ra5 28. Rb1 Rc5 29. Nd6 Rc6 30. Nb5 Rc5 31. a4 Rxa4 32. Rb3 Ra5 33. Nd4 Ra1+ 34. Kf2 Rc1 35.
Re3 Kg7 36. f4 h5 37. h4 Kf6 38. g3 Rc4 39. Nf3 Re4 40. Re2 Rc4 41. Ne5 R4xc3 42.
Rxc3 Rxc3 43. Rb2 Ke7 44. Rxb6 Rc7 45. Ke3 f6 46. Nf3 Rc3+ 47. Ke2 Rc7 48. Nd4 Kf7 49.
Nxe6 Re7 50. Kd3 Rxe6 51. Rxb7+ Kg6 52. Rd7 Ra6 53. Ke2 Ra3 54. Rxd5 Rxg3 55. Rd8 Rg4 56. Rg8+ Kf7 57. Rh8 Rxh4 58. Kf3 Rh3+ 59. Kg2 Rh4 60. Kg3 Rg4+ 61. Kf3 h4 62. Rh7+ Ke6 63. Rh8 Kd5 64. Rh6 Rg3+ 65. Kf2 Rg4 66. Kf3 Ke6 67. Rh7 Kd6 68.
Rh6 Ke6 69. Rh7 Kd5 70. Rh6 1/2-1/2

[Event "Early-Titled-Tuesday-Blitz-January-30-2024"]
[Site "Chess.com"]
[Date "2024.01.30"]
[Round "8"]
[White "GothamChess"]
[Black "FM_VS99"]
[Result "1-0"]
[WhiteElo "2745"]
[BlackElo "2559"]
[TimeControl "180+1"]
[EndTime "9:31:27 PST"]
[Termination "GothamChess won by resignation"]

1. e4 c5 2. a3 g6 3. Nc3 Bg7 4.
Bc4 Nc6 5. d3 e6 6. Ba2 Nge7 7.
h4 h5 8. Bg5 f6 9. Bd2 d5 10.
Nge2 d4 11. Nb1 e5 12. Ng3 Bg4 13. f3 Bd7 14. b4 Qc8 15. b5 Nd8 16. a4 a6 17. Na3 Be6 18. Bxe6 Qxe6 19. Nc4 O-O 20. Qb1 Nc8 21. Qb3 axb5 22. Qxb5 Nd6 23. Nxd6 Qxd6 24.
Ke2 Ne6 25. Rhb1 Rf7 26. a5 Nf4+ 27. Kf1 c4 28. Qxc4 Qd7 29. Bxf4 exf4 30. Ne2 f5 31. Ra2 fxe4 32. dxe4 Rc8 33. Qd5 Qxd5 34. exd5 Rc5 35. d6 Rd7 36. Rb6 Be5 37. Ke1 Kf7 38.
Kd1 Rxd6 39. Rxb7+ Kf6 40. Nc1 Ra6 41. Nd3 Rcxa5 42.
Rab2 Bd6 43. R7b6 Kg7 44. Rb7+ Kf6 45. Nf2 Ke6 46. Ne4 Ra1+ 47. Kd2 Be7 48. R2b6+ Rxb6 49. Rxb6+ Kd7 50. Rxg6 Bb4+ 51. Kd3 Rd1+ 52. Kc4 Be7 53. Kd5 Bxh4 54. Rg7+ Be7 55. Rh7 Re1 56. Nc5+ Kc8 57. Nd3 Re2 58. Nxf4 Re1 59. Kxd4 Bd8 60. Nd3 Bc7 61.
Nxe1 Bd8 62. Kd3 Bb6 63. Rxh5 Bd8 64. Rh7 1-0

[Event "Early-Titled-Tuesday-Blitz-January-30-2024"]
[Site "Chess.com"]
[Date "2024.01.30"]
[Round "8"]
[White "eightbyeightchess"]
[Black "arnash_bauyrzhan"]
[Result "0-1"]
[WhiteElo "2402"]
[BlackElo "2232"]
[TimeControl "180+1"]
[EndTime "9:31:31 PST"]
[Termination "arnash_bauyrzhan won by checkmate"]

1. e4 c5 2. Nf3 e6 3. d4 cxd4 4. Nxd4 a6 5. Nc3 Qc7 6. Bd3 Nf6 7. O-O Nc6 8. Nb3 Ne5 9. f4 Bc5+ 10. Kh1 Nxd3 11.
cxd3 h5 12. Nxc5 Qxc5 13. d4 Qc4 14. Be3 d5 15. Rc1 Qb4 16. f5 dxe4 17. fxe6 Bxe6 18. Rxf6 gxf6 19. Nxe4 Qe7 20. Bf4 Bd5 21. Nd6+ Kf8 22.
Qd2 Rd8 23. Re1 Qd7 24. Re3 h4 25. Kg1 Qg4 26. h3 Qd7 27. Re1 Qc6 28. Nf5 Qd7 29. Bh6+ Kg8 30. Qf4 Qxf5 31. Qxf5 Rxh6 32. Re3 Rg6 33.
Kf1 Bxg2+ 34. Ke1 Rxd4 35. Re8+ Kg7 36. Qc8 Rf4 37. Rg8+ Kh6 38. Rxg6+ fxg6 39. Qh8+ Kg5 40. Qd8 Rf1+ 41. Ke2 Rf3 42. Qd2+ Rf4 43. Qd8 Bf3+ 44. Kf2 Be4+ 45. Ke3 Bf5 46. Qd2 Re4+ 47. Kf3+ Kh5 48. Qd8 Rb4 49. Qg8 Rxb2 50. Qh8+ Kg5 51. Qg8 Rh2 52.
Qd8 Rxh3+ 53. Kg2 Rg3+ 54. Kf2 Rg4 55. Qd2+ Rf4+ 56. Ke3 h3 57. Qh2 Rh4 58. Qg3+ Kh5 59. Kf3 h2 60. Qb8 h1=Q+ 61. Kf2 Rh2+ 62. Kg3 Qg2+ 63. Kf4 Rh4+ 64. Ke3 Re4+ 65. Kd3 Qf3+ 66. Kd2 Re2+ 67. Kd1 Qf1# 0-1

[Event "Early-Titled-Tuesday-Blitz-January-30-2024"]
[Site "Chess.com"]
[Date "2024.01.30"]
[Round "8"]
[White "JimDiGrease"]
[Black "mishanick"]
[Result "1/2-1/2"]
[WhiteElo "2952"]
[BlackElo "3143"]
[TimeControl "180+1"]
[EndTime "9:31:33 PST"]
[Termination "Game drawn - insufficient material"]

1. d4 Nf6 2. c4 e6 3. Nf3 d5 4.
Qc2 Be7 5. cxd5 exd5 6. Bf4 c6 7. e3 Nh5 8. Be5 Nd7 9. Nc3 O-O 10. Bd3 g6 11. h3 Nxe5 12. dxe5 Bb4 13. O-O Qe7 14. Ne2 f6 15. exf6 Nxf6 16. Nc3 Bd7 17. Rfe1 Rae8 18. Qb3 Be6 19. Ne2 Kh8 20. Rf1 Ne4 21. Nfd4 Bg8 22. Bxe4 dxe4 23. Qc2 Rd8 24. Rad1 Qe5 25. Ng3 Bd5 26.
a3 Bd6 27. Qc3 Kg8 28. Nde2 Qe7 29. Nf4 Bxf4 30. exf4 Rxf4 31. Qe3 Rdf8 32. Qxa7 Bc4 33. Rfe1 c5 34. Rd2 h5 35. Qa5 h4 36. Nf1 Bxf1 37. Rxf1 e3 38. Re2 Rxf2 39. Rfxf2 exf2+ 40. Rxf2 Qe3 41. Qd2 Qxd2 42. Rxd2 b5 43. Rd5 Rc8 44. Kf2 Kf7 45. Rg5 Kf6 46. Rg4 g5 47. Ke2 Re8+ 48. Kd2 Kf5 49. a4 bxa4 50. Rxa4 Re4 51. Ra5 Re5 52.
Ra4 Re4 53. Ra5 Rd4+ 54. Kc3 Rd5 55. b3 Kf4 56. Ra4+ Ke3 57. Rg4 Rf5 58. Kc4 Kf2 59. Kc3 Kf1 60. b4 cxb4+ 61. Kb3 Kf2 62. Ka4 Ke2 63. Kb3 Ke3 64. Ka4 Kd3 65. Kb3 Kd2 66. Rxb4 Rf4 67. Rxf4 gxf4 68. Kc4 Ke3 69. Kd5 f3 70. gxf3 Kxf3 71. Kd4 Kg2 72. Ke3 Kg3 73.
Ke2 Kxh3 74. Kf1 Kh2 75. Kf2 h3 76. Kf1 Kg3 77. Kg1 h2+ 78. Kh1 Kf2 79. Kxh2 1/2-1/2

[Event "Early-Titled-Tuesday-Blitz-January-30-2024"]
[Site "Chess.com"]
[Date "2024.01.30"]
[Round "8"]
[White "Aygehovit1992"]
[Black "sjoerd893"]
[Result "1/2-1/2"]
[WhiteElo "2686"]
[BlackElo "2519"]
[TimeControl "180+1"]
[EndTime "9:31:35 PST"]
[Termination "Game drawn by repetition"]

1. e4 c5 2. Nf3 Nc6 3. Nc3 g6 4. Bc4 Bg7 5. h4 Nf6 6. d3 d6 7.
Be3 Bg4 8. Qd2 Bxf3 9. gxf3 Ne5 10. Qe2 Nxc4 11. dxc4 Nd7 12. Bd2 Qb6 13. O-O-O Ne5 14. h5 Nc6 15. Kb1 O-O-O 16. h6 Bf6 17. b3 e6 18. f4 Rhe8 19. Rh3 Kb8 20. Na4 Qc7 21. c3 b6 22. Rd3 d5 23. cxd5 exd5 24. e5 Be7 25.
Qf3 b5 26. Nb2 d4 27. c4 b4 28. Re1 Bf8 29. Qd1 Ne7 30. Kc2 Nf5 31. a3 a5 32.
axb4 axb4 33. Qa1 Kb7 34. Qa4 Qc6 35. Rh3 Ra8 36. Qxc6+ Kxc6 37. Rhh1 Bxh6 38. Ra1 Rec8 39. Nd3 Kb6 40. Kb2 Rxa1 41. Rxa1 Bf8 42. Re1 Re8 43. f3 h5 44. Nf2 Be7 45. Ne4 Ra8 46. Rh1 Kc6 47. Be1 Kd7 48. Bf2 Ke6 49. Be1 Rh8 50. Bf2 h4 51. Ra1 h3 52. Ra6+ Kd7 53. Ra7+ Kc6 54.
Bg1 h2 55. Bxh2 Rxh2+ 56. Kc1 Bd8 57. Rxf7 Ne3 58. e6 Rc2+ 59. Kb1 Re2 60. Rd7 Bh4 61. Rd6+ Kc7 62. Rd7+ Kc8 63. Nd6+ Kb8 64. Rb7+ Ka8 65. e7 Bxe7 66. Rxe7 Re1+ 67. Ka2 Re2+ 68. Kb1 d3 69. Re8+ Ka7 70. Re7+ Kb6 71. Nc8+ Kc6 72. Na7+ Kb6 73. Nc8+ Kc6 74. Na7+ Kd6 75. Nc8+ Kc6 1/2-1/2

[Event "Early-Titled-Tuesday-Blitz-January-30-2024"]
[Site "Chess.com"]
[Date "2024.01.30"]
[Round "8"]
[White "diamonds13"]
[Black "jaskol95"]
[Result "0-1"]
[WhiteElo "2357"]
[BlackElo "2540"]
[TimeControl "180+1"]
[EndTime "9:31:41 PST"]
[Termination "jaskol95 won by resignation"]

1. d4 d5 2. c4 e5 3. dxe5 d4 4.
Nf3 Nc6 5. Nbd2 Nge7 6. g3 Ng6 7. a3 Ngxe5 8. Bg2 Nxf3+ 9. Nxf3 Be7 10. b4 Bf6 11. Ra2 Be6 12. Qd3 O-O 13. Bf4 a6 14.
Rc2 Qd7 15. b5 Na5 16. Nd2 axb5 17. cxb5 c6 18. O-O Rfe8 19. bxc6 Nxc6 20. Ne4 Be7 21. Nc5 Bxc5 22. Rxc5 g6 23. Rd1 Bf5 24. e4 dxe3 25. Qxd7 Bxd7 26. Bxe3 Bg4 27. Rb1 Rxa3 28. h3 Bc8 29. g4 Kg7 30. Bxc6 bxc6 31. Rxc6 Be6 32. g5 Rd8 33. Kh2 Rdd3 34. Re1 Ra2 35. Kg3 Kf8 36.
Rb6 Ke7 37. Rb7+ Kd6 38. h4 Ra4 39. Rb6+ Kc7 40. Rxe6 fxe6 41. Rc1+ Kd7 42. Rb1 Rc3 43. Rb7+ Rc7 44. Rb6 Ke7 45. Kg2 Rxh4 46. f4 Rc3 47. Bd4 Rd3 48. Be5 Rg4+ 49. Kf2 Rgg3 50. Rb7+ Kd8 51.
Rxh7 Rgf3+ 52. Ke2 Rfe3+ 53. Kf2 Rf3+ 54. Kg2 Rg3+ 55.
Kh2 Rge3 56. Rh8+ Kd7 57. Rh7+ Kc6 58. Rc7+ Kd5 59. Rc2 Ke4 60. Rg2 Kf5 61. Rf2 Rh3+ 62. Kg2 Rhg3+ 63. Kf1 Rd1+ 64. Ke2 Rgd3 65. Rg2 R3d2+ 66.
Kf3 Rf1+ 67. Kg3 Rxg2+ 68. Kxg2 Rxf4 69. Bxf4 Kxf4 70. Kf2 Kxg5 71. Kg3 Kf5 72. Kf3 g5 73. Kg3 e5 74. Kf3 e4+ 75. Ke3 g4 76. Ke2 Kf4 77. Kf2 e3+ 78. Kg2 g3 79. Kg1 Kf3 80.
Kf1 e2+ 81. Ke1 g2 0-1

[Event "Early-Titled-Tuesday-Blitz-January-30-2024"]
[Site "Chess.com"]
[Date "2024.01.30"]
[Round "8"]
[White "ErikRonka"]
[Black "tuschessCM1"]
[Result "0-1"]
[WhiteElo "2488"]
[BlackElo "2673"]
[TimeControl "180+1"]
[EndTime "9:31:43 PST"]
[Termination "tuschessCM1 won by checkmate"]

1. e4 c6 2. Nc3 d5 3. Nf3 dxe4 4.
Nxe4 Nf6 5. Qe2 Nxe4 6. Qxe4 Qd5 7. Qf4 Qf5 8. Qe3 Qe6 9. b3 Qxe3+ 10. fxe3 f6 11.
Bb2 e5 12. O-O-O Bf5 13. Rg1 Nd7 14. g4 Be6 15. g5 O-O-O 16. h4 Kc7 17. Be2 Bd6 18.
e4 Nc5 19. d4 exd4 20. gxf6 gxf6 21. Nxd4 Bc8 22. Rg7+ Kb6 23. Bf3 Bf4+ 24. Kb1 Be5 25. c3 f5 26. Rg5 Bf6 27. b4 Nxe4 28. Rgg1 Bxh4 29. Kc2 Bf6 30. a4 Kc7 31. c4 Rhf8 32. Rh1 Rf7 33. Rh2 Be7 34. c5 b6 35.
cxb6+ axb6 36. b5 cxb5 37. Nxb5+ Kc6 38. Rxd8 Bxd8 39. Re2 Be6 40. Nd4+ Kd7 41. Nxe6 Kxe6 42. Bxe4 fxe4 43. Rxe4+ Kd7 44. Rg4 Bc7 45. Bd4 h5 46. Rh4 Rh7 47. Kd3 Bd8 48. Rh3 h4 49. Ke4 Kc6 50. Bf2 Ra7 51. Ra3 Be7 52. Ra2 Ra5 53.
Kf3 Kb7 54. Be1 Rd5 55. a5 b5 56. Kg4 Ka6 57. Kh3 b4 58. Re2 Bd6 59. Bxb4 Bxb4 60. Kxh4 Kxa5 61. Re4 Bd6 62. Kg4 Kb5 63. Kf3 Kc6 64.
Ke3 Bc5+ 65. Ke2 Rh5 66. Rg4 Kd5 67. Kd3 Rh3+ 68. Kc2 Bd4 69. Rg8 Kc4 70. Rc8+ Bc5 71. Kd2 Rh2+ 72. Ke1 Kd5 73. Rd8+ Ke4 74. Re8+ Kd3 75.
Kf1 Rf2+ 76. Ke1 Rf7 77. Rd8+ Bd4 78. Ra8 Bc3+ 79. Kd1 Rf1# 0-1

[Event "Early-Titled-Tuesday-Blitz-January-30-2024"]
[Site "Chess.com"]
[Date "2024.01.30"]
[Round "8"]
[White "Durarbayli"]
[Black "Susal_De_Silva"]
[Result "1/2-1/2"]
[WhiteElo "2909"]
[BlackElo "2758"]
[TimeControl "180+1"]
[EndTime "9:31:49 PST"]
[Termination "Game drawn - insufficient material"]

1. e4 e5 2. Nf3 Nc6 3. d4 exd4 4. Nxd4 Qf6 5. Ne2 Bc5 6. Nf4 g5 7. Nd3 Bb6 8. Be2 Nge7 9. O-O Ng6 10. Nc3 Nce7 11. Kh1 d6 12. f4 gxf4 13. Nxf4 Qd4 14.
Qe1 Nxf4 15. Bxf4 Be6 16. e5 Ng6 17. Nb5 Qc5 18. b4 Qxc2 19. Rc1 Qb2 20. Nxc7+ Bxc7 21. Bb5+ Kf8 22. Bh6+ Kg8 23. Rxc7 Bd5 24. Qg3 Qxe5 25.
Qxe5 Nxe5 26. Rd1 Bc6 27. Bxc6 Nxc6 28. b5 Ne5 29. Rxd6 Ng4 30. Bd2 h5 31. Kg1 Ne5 32.
Bc3 Re8 33. Rxb7 Rh7 34. Rxa7 Rg7 35. b6 Rg4 36. Bxe5 Rxe5 37. Rd2 Rb4 38. b7 Reb5 39. Ra8+ Kg7 40. b8=Q Rxb8 41. Rxb8 Rxb8 42. Kf2 Ra8 43. Ke3 Ra4 44. g3 Kg6 45. Kf3 Kg5 46. Kg2 f5 47. Rf2 Ra3 48. h4+ Kg6 49. Rc2 Kf6 50. Rc6+ Ke5 51. Rc2 Kf6 52. Re2 Kg6 53. Re6+ Kf7 54.
Rh6 Rxa2+ 55. Kf3 Ra4 56. Rxh5 Kg6 57. Rh8 Ra3+ 58. Kg2 Ra2+ 59. Kh3 Ra3 60. Rg8+ Kf7 61. Rg5 Kf6 62. Rg8 Kf7 63. Rg5 Kf6 64. Kg2 Ra2+ 65.
Kf3 Ra3+ 66. Kf2 Ra2+ 67. Ke3 Ra3+ 68. Kd4 Ra4+ 69. Kd5 Ra5+ 70. Kc4 Ra4+ 71. Kb5 Ra1 72. Rg8 Kf7 73. Rg5 Kf6 74. Kc6 Rh1 75. Kd7 f4 76.
gxf4 Rxh4 77. Rd5 Rxf4 78. Rd6+ Kg5 79. Rd5+ Rf5 80. Rxf5+ Kxf5 1/2-1/2

[Event "Early-Titled-Tuesday-Blitz-January-30-2024"]
[Site "Chess.com"]
[Date "2024.01.30"]
[Round "8"]
[White "invisible_s0ul"]
[Black "vesalhamedinia"]
[Result "1/2-1/2"]
[WhiteElo "2252"]
[BlackElo "2469"]
[TimeControl "180+1"]
[EndTime "9:31:51 PST"]
[Termination "Game drawn by stalemate"]

1. e4 c5 2. Nf3 Nc6 3. d4 cxd4 4. Nxd4 Nf6 5. Nc3 e5 6. Ndb5 d6 7. Bg5 a6 8. Na3 b5 9. Nd5 Be7 10. Bxf6 Bxf6 11. c3 O-O 12. Nc2 Rb8 13. a4 bxa4 14. Ncb4 Bb7 15. Bxa6 Nxb4 16. Bxb7 Nxd5 17. Bxd5 Rxb2 18.
Qxa4 Qb6 19. O-O Bh4 20. g3 Bg5 21. Qd7 h6 22. Ra8 Bd8 23. Bxf7+ Kh8 24. Qe6 Qb7 25.
Rxd8 Rxd8 26. Qg6 Rf8 27. Be6 Qa7 28. Bf5 Rxf5 29. Qxf5 Qc7 30. Qf8+ Kh7 31. Qf3 Kg8 32. Rc1 Rb3 33. Qd3 Rb6 34. Qd5+ Kh7 35. c4 Rb2 36. Qe6 Qb6 37. Qf5+ Kg8 38. Qe6+ Kf8 39. Qf5+ Ke7 40. c5 dxc5 41. Qxe5+ Kf7 42. Qxc5 Qxc5 43. Rxc5 Re2 44. Rc4 Ke6 45. Kg2 Ke5 46. Kf3 Rb2 47. Rc5+ Ke6 48. Rd5 Rb3+ 49. Kg2 Rb2 50. Ra5 Re2 51. Kf3 Rb2 52. Ke3 Rb3+ 53. Ke2 Rb2+ 54. Kf1 Rb1+ 55. Kg2 Rb4 56. f3 Rb2+ 57. Kh3 Rf2 58. Rf5 g6 59. Rf8 h5 60. g4 hxg4+ 61. Kxg4 Rxh2 62. Rg8 Rg2+ 63. Kf4 Rg1 64. Rg7 Rg2 65. Rg8 Rg1 66. Ke3 Rg2 67. f4 Rg3+ 68. Kf2 Rg4 69. Kf3 Rg1 70.
f5+ Kf6 71. Rxg6+ Rxg6 72. fxg6 Kxg6 73. Kg4 Kf6 74. Kf4 Ke6 75. e5 Ke7 76. Kf5 Kf7 77. e6+ Ke7 78. Ke5 Ke8 79. Kd6 Kd8 80. e7+ Ke8 81.
Ke6 1/2-1/2

[Event "Early-Titled-Tuesday-Blitz-January-30-2024"]
[Site "Chess.com"]
[Date "2024.01.30"]
[Round "8"]
[White "Licancabur"]
[Black "ChEsper99"]
[Result "1-0"]
[WhiteElo "2432"]
[BlackElo "2147"]
[TimeControl "180+1"]
[EndTime "9:31:57 PST"]
[Termination "Licancabur won by resignation"]

1. d4 Nf6 2. Bg5 d5 3. Nd2 c5 4. dxc5 e6 5. e3 Bxc5 6. Ngf3 Nc6 7. c4 dxc4 8. Bxc4 O-O 9. O-O h6 10. Bh4 Be7 11. Qe2 Qb6 12. Rab1 Bd7 13. b4 Rac8 14.
Rfd1 Rfd8 15. a3 Be8 16. h3 a6 17. Ba2 Qb5 18. Bc4 Qb6 19. Nb3 Qa7 20. Nbd4 Nxd4 21. Nxd4 b5 22. Ba2 Nd5 23. Bxe7 Qxe7 24. Bxd5 Rxd5 25.
Rbc1 Rdd8 26. Qf3 Rxc1 27. Rxc1 Qd6 28. Qb7 Rb8 29. Qc7 Rd8 30. Qxd6 Rxd6 31. Rc7 Kf8 32.
Kf1 g6 33. Ke2 e5 34. Nb3 Bd7 35. Nc5 Bf5 36. e4 Be6 37. Ra7 Bc4+ 38. Ke3 Rd1 39. Rxa6 Re1+ 40. Kd2 Re2+ 41. Kc3 Rxf2 42. a4 Rxg2 43.
a5 Rg3+ 44. Kb2 Rxh3 45. Ra8+ Kg7 46. a6 Rh2+ 47. Kb1 Ra2 48. a7 g5 49. Nb7 g4 50.
Na5 Rxa5 51. bxa5 g3 52. Rg8+ Kxg8 53. a8=Q+ Kg7 54. Qb8 g2 55. Qxe5+ Kf8 56. Qg3 Bf1 57. a6 b4 58. a7 Bd3+ 59. Kb2 Bxe4 60. Qd6+ Kg8 61.
Qg3+ Kf8 62. Kb3 f5 63. Kxb4 Kf7 64. Kc5 Kf6 65. Kb6 h5 66. Kc7 Ke6 67. Kb8 h4 68.
Qg6+ Ke5 69. a8=Q Bxa8 70. Kxa8 Kf4 71. Qxg2 1-0

[Event "Early-Titled-Tuesday-Blitz-January-30-2024"]
[Site "Chess.com"]
[Date "2024.01.30"]
[Round "8"]
[White "JuniorJumper"]
[Black "Me_ch_an"]
[Result "1-0"]
[WhiteElo "2515"]
[BlackElo "2334"]
[TimeControl "180+1"]
[EndTime "9:32:10 PST"]
[Termination "JuniorJumper won on time"]

1. b3 d5 2. Bb2 Bg4 3. Nf3 Nd7 4. e3 e5 5. h3 Bxf3 6. Qxf3 Ngf6 7. c4 c6 8. cxd5 cxd5 9. Bb5 Bd6 10. Nc3 e4 11.
Qd1 O-O 12. O-O a6 13. Be2 Rc8 14. d3 Be5 15. Rc1 Qe7 16. dxe4 dxe4 17. Rc2 Rfd8 18.
Qa1 Nc5 19. Rd1 Nd3 20. Bxd3 exd3 21. Rcd2 Qd6 22. Nb5 axb5 23. Bxe5 Qd5 24. Bxf6 gxf6 25. Qxf6 Rc6 26. Rxd3 Qxd3 27. Qxd8+ Qxd8 28. Rxd8+ Kg7 29. Rd5 Rc2 30. Rxb5 Rxa2 31. Rxb7 Ra1+ 32. Kh2 Rb1 33.
Kg3 Kf6 34. b4 Kg6 35. b5 h6 36. b6 Rb4 37. Rb8 Kg7 38. b7 Kh7 39. h4 Kg7 40.
h5 Kh7 41. f3 Kg7 42. e4 Kf6 43. Kf4 Rb5 44. g4 Kg7 45. e5 Rb4+ 46. Kf5 Rb6 47.
f4 Rb4 48. e6 Rb5+ 49. Ke4 fxe6 50. Kd4 Kh7 51. Kc4 Rb1 52. Kc5 Kg7 53. Kc6 Rc1+ 54.
Kd7 Rd1+ 55. Kxe6 Re1+ 56. Kf5 Rb1 57. Ke6 Re1+ 58. Kd5 Rd1+ 59. Kc4 Rc1+ 60. Kb3 Rb1+ 61. Kc2 Rb4 62. Kc3 Rb1 63. Kd4 Rd1+ 64. Ke5 Re1+ 65. Kf5 Rb1 66. g5 Rb5+ 67. Kg4 Rb6 68. gxh6+ Kh7 69. Kg5 Rb5+ 70. Kf6 Rb6+ 71. Kf7 Rb4 72. f5 Rb6 73. f6 Rb5 74. Kf8 Rb1 75. Re8 1-0

[Event "Early-Titled-Tuesday-Blitz-January-30-2024"]
[Site "Chess.com"]
[Date "2024.01.30"]
[Round "8"]
[White "RobertoJBM"]
[Black "aghasiyevkamal"]
[Result "1/2-1/2"]
[WhiteElo "2815"]
[BlackElo "2601"]
[TimeControl "180+1"]
[EndTime "9:32:22 PST"]
[Termination "Game drawn - insufficient material"]

1. d4 d5 2. c4 e6 3. Nc3 Nf6 4. cxd5 exd5 5. Bg5 c6 6. e3 Nbd7 7. Bd3 Be7 8. Qc2 h6 9. Bh4 Nh5 10. Bxe7 Qxe7 11. Nge2 O-O 12. O-O-O b5 13. Kb1 Nb6 14.
h3 Nf6 15. g4 b4 16. Na4 Ne4 17. Bxe4 dxe4 18. Nc5 Re8 19. Ng3 Nd5 20. Ncxe4 a5 21.
Nc5 a4 22. Qe4 Be6 23. Nxe6 fxe6 24. Rc1 a3 25. b3 Nc3+ 26. Rxc3 bxc3 27. Rc1 c5 28.
Rxc3 cxd4 29. exd4 Rac8 30. Re3 Qc7 31. Ne2 Qh2 32.
Nc1 Qxf2 33. Re2 Qf1 34. Re1 Qxh3 35. Nd3 Qh2 36. Qe2 Qg3 37. Nc5 Qc3 38. Rd1 e5 39. Na4 Qc6 40. d5 Qg6+ 41. Qd3 Qxd3+ 42. Rxd3 e4 43. Re3 Rf8 44. Re1 Rf4 45. Nb6 Rd8 46. Nc4 Rxg4 47. Nxa3 h5 48. Nc4 h4 49. Rh1 Rxd5 50.
Ne3 Rdg5 51. Nxg4 Rxg4 52. Rh3 g5 53. b4 Rg3 54. Rh1 Kf7 55. Kc2 Ke6 56. Rd1 h3 57.
b5 Ra3 58. b6 Rxa2+ 59. Kc3 Ra8 60. Rb1 g4 61. Kd4 Kf5 62. Ke3 Ra3+ 63. Kf2 Ra8 64. Kg3 Rb8 65. Rb5+ Ke6 66. Kxg4 h2 67. Rh5 Rxb6 68.
Kf4 Rb4 69. Rxh2 Kd5 70. Rd2+ Rd4 71. Ra2 Kc4 72. Ke3 Rd3+ 73. Kxe4 Rb3 74. Rc2+ Rc3 75. Rg2 Kb3 76. Rg8 Rc4+ 77. Kd3 Rb4 78. Rg1 Ka4 79. Kc3 Kb5 80. Rg5+ Ka4 81. Rg2 Kb5 82. Rg5+ Ka4 83. Rf5 Rb3+ 84. Kd4 Rb4+ 85. Kd3 Kb3 86. Ra5 Rb8 87.
Ra7 Rd8+ 88. Ke4 Kc4 89. Rc7+ Kb5 90. Rc1 Kb6 91. Ke5 Kb5 92. Rc2 Kb6 93. Rb2+ Kc5 94. Rc2+ Kb6 95. Ke6 Kb5 96. Ke7 Rd3 97. Rb2+ Kc4 98.
Re2 Kc3 99. Re6 Kc4 100. Rd6 Rxd6 101. Kxd6 1/2-1/2

[Event "Early-Titled-Tuesday-Blitz-January-30-2024"]
[Site "Chess.com"]
[Date "2024.01.30"]
[Round "8"]
[White "iwanyu"]
[Black "gshwbedhkhd"]
[Result "1/2-1/2"]
[WhiteElo "2836"]
[BlackElo "2622"]
[TimeControl "180+1"]
[EndTime "9:32:25 PST"]
[Termination "Game drawn - insufficient material"]

1. d4 f5 2. Nc3 Nf6 3. Bg5 d5 4. e3 e6 5. Nf3 a6 6. Bf4 c5 7.
Be2 Nc6 8. O-O Be7 9. dxc5 Bxc5 10. Na4 Be7 11. c4 dxc4 12. Qxd8+ Bxd8 13. Ne5 Nxe5 14. Bxe5 b5 15. Bf3 Ra7 16. Nc5 Bb6 17. b4 cxb3 18. Nxb3 Bb7 19. Bb8 Ra8 20. Bxb7 Rxb8 21. Bxa6 b4 22.
Rfc1 Ke7 23. Rc6 Rhd8 24. Rac1 Rd6 25. Rxd6 Kxd6 26. Nd2 Bc7 27. Nf3 Rb6 28. Bc4 Bd8 29. Bb3 e5 30. Rd1+ Ke7 31. Nxe5 Bc7 32. Nf3 Ne4 33.
Nd4 g6 34. Nc2 Nc3 35. Rd4 Ne2+ 36. Kf1 Nxd4 37. Nxd4 Be5 38. Nf3 Bc3 39. Ke2 Rd6 40. h3 Kf6 41. h4 h6 42. Bc4 g5 43. hxg5+ hxg5 44. Bd3 Rd8 45. g3 Ra8 46. Bb1 Bb2 47.
Nd2 Bc3 48. Nc4 Rd8 49. Bd3 Ra8 50. Bb1 Rc8 51. Nd6 Rc5 52. g4 Rd5 53. Nxf5 Rd2+ 54. Kf3 Rb2 55. Bd3 Rxa2 56. Nd6 Ra3 57. Nb5 Ra2 58. Nd6 b3 59. Ne4+ Ke5 60. Nxc3 Rd2 61. Bf5 b2 62. Nb1 Rd1 63. Ke2 Rg1 64. f3 Rg2+ 65. Kd3 Rf2 66. Be4 Kd6 67. Kc3 Re2 68.
Kb3 Ke5 69. Bc2 Rxe3+ 70. Nc3 Rxf3 71. Kxb2 Kf4 72. Bf5 Rf2+ 73. Kb3 Rg2 74. Nd5+ Kf3 75. Nf6 Kf4 76. Kc4 Ke5 77. Nh5 Rf2 78. Bd7 Rf7 79. Bc6 Rc7 80. Kb5 Rf7 81. Kc5 Rf2 82.
Bd7 Rc2+ 83. Kb4 Rd2 84. Bf5 Rd4+ 85. Kc3 Rd6 86. Ng3 Rd8 87. Ne4 Rf8 88. Ng3 Kf4 89.
Nh5+ Ke5 90. Bd3 Rf3 91. Kd2 Rh3 92. Be2 Ke4 93. Nf6+ Ke5 94. Nd7+ Kf4 95. Nc5 Rh2 96. Ne6+ Kg3 97. Nxg5 Rxe2+ 98. Kxe2 Kxg4 1/2-1/2